 Dungeon Crawl Stone Soup version 0.22-a0-265-g0d8bc90 (webtiles) character file.

52 Amnesiac the Charmwright (level 3, -2/31 HPs)
             Began as a Gnoll Skald on Mar 7, 2018.
             Killed by divine providence
             ... invoked by an orc priest
              (10 damage)
             ... on level 2 of the Dungeon.
             The game lasted 00:02:23 (1114 turns).

Amnesiac the Charmwright (Gnoll Skald)              Turns: 1114, Time: 00:02:24

Health: -2/31      AC:  3    Str: 14    XL:     3   Next: 85%
Magic:  9/9        EV: 14    Int: 15    God:
Gold:   82         SH:  0    Dex: 14    Spells: 3/12 levels left

rFire    . . .     SeeInvis .   h - +0 dagger (venom)
rCold    . . .     Gourm    .   (no shield)
rNeg     . . .     Faith    .   b - +0 leather armour
rPois    .         Spirit   .   (no helmet)
rElec    .         Reflect  .   (no cloak)
rCorr    +         Harm     .   (no gloves)
MR       .....                  (no boots)
Stlth    +.........             (no amulet)
HPRegen  0.10/turn              k - ring of resist corrosion
MPRegen  0.11/turn              (no ring)

@: no status effects
A: distributed training, fangs 1, strong nose
a: no special abilities


You were on level 2 of the Dungeon.
You were not hungry.

You visited 1 branch of the dungeon, and saw 3 of its levels.

You collected 82 gold pieces.

Inventory:

Hand Weapons
 a - a +0 spear
 h - a +0 dagger of venom (weapon)
Armour
 b - a +0 leather armour (worn)
Jewellery
 k - a ring of resist corrosion (left hand)
Scrolls
 f - 2 scrolls of teleportation {!r, unknown}
 g - a scroll of identify {!r, unknown}
 i - a scroll of remove curse {!r, unknown}
Potions
 j - a potion of curing {!q, unknown}
 l - a potion of ambrosia {!q, unknown}
 m - a potion of agility {!q, unknown}
Comestibles
 c - 6 chunks of flesh
 d - 2 rations


   Skills:
 + Level 4.5 Fighting
 + Level 0.9 Short Blades
 + Level 0.9 Long Blades
 + Level 0.9 Axes
 + Level 0.9 Maces & Flails
 + Level 4.5 Polearms
 + Level 0.9 Staves
 + Level 0.9 Slings
 + Level 0.9 Bows
 + Level 0.9 Crossbows
 + Level 0.9 Throwing
 + Level 2.6 Armour
 + Level 4.5 Dodging
 + Level 0.9 Stealth
 + Level 0.9 Shields
 + Level 0.9 Unarmed Combat
 + Level 5.0 Spellcasting
 + Level 0.6 Conjurations
 + Level 0.6 Hexes
 + Level 5.4 Charms
 + Level 0.6 Summonings
 + Level 0.6 Necromancy
 + Level 0.6 Translocations
 + Level 0.6 Transmutations
 + Level 0.6 Fire Magic
 + Level 0.6 Ice Magic
 + Level 0.6 Air Magic
 + Level 0.6 Earth Magic
 + Level 0.6 Poison Magic
 + Level 1.0 Invocations
 + Level 0.9 Evocations


You had 3 spell levels left.
You knew the following spells:

 Your Spells              Type           Power        Failure   Level  Hunger
a - Shroud of Golubria    Chrm/Tloc      ##........   9%          2    ##.....
b - Infusion              Chrm           ###.         2%          1    None
c - Spectral Weapon       Hex/Chrm       ##......     17%         3    ###....
r - Regeneration          Chrm/Necr      ##........   17%         3    ###....


Dungeon Overview and Level Annotations

Branches:
Dungeon (3/15)

Altars:


Innate Abilities, Weirdness & Mutations

Your experience applies equally to all skills.
You have very sharp teeth.
Your uncanny sense of smell can sniff out nearby items.


Message History

A goblin comes into view. It is wielding a short sword.
The goblin shouts!
You completely miss the goblin. The goblin misses you.
You hit the goblin.
The goblin is poisoned.
The goblin is moderately wounded.
The goblin hits you but does no damage.
You hit the goblin.
You kill the goblin!
Things that are here:
a short sword; 9 gold pieces; a goblin corpse You butcher the goblin corpse.
Items here: $ % ) รท a short sword; 9 gold pieces; a chunk of flesh; a goblin skeleton You are feeling hungry.
There is a stone staircase leading down here.
You start resting.
HP restored.
Autopickup is now on.
You now have 82 gold pieces (gained 9).
c - 7 chunks of flesh (gained 1)
Things that are here:
a short sword; a goblin skeleton There isn't anything to butcher here.
Eating one of 7 chunks of flesh.
You eat one of the 7 chunks of flesh.
This raw flesh tastes terrible.
There is a stone staircase leading down here.
You start resting.
HP restored.
You climb downwards.
The orc wizard casts a spell at you.
You are confused.
There is a stone staircase leading up here.
The orc priest closely misses you.
In your confused state, you trip and fall back down the stairs.
The orc priest hits you with a war axe!
In your confused state, you trip and fall back down the stairs.
You feel less confused. The orc priest hits you with a war axe.
The orc priest closely misses you.
You climb upwards.
There is a stone staircase leading down here.
Your leather armour prevents you from hitting the orc priest.
You hit the orc priest but do no damage.
The orc priest is poisoned.
The orc priest invokes the aid of Beogh against you.
Pain shoots through your body!
* * * LOW HITPOINT WARNING * * *
You hit the orc priest but do no damage.
The orc priest completely misses you.
You hit the orc priest but do no damage.
The orc priest looks even sicker.
The orc priest is lightly wounded.
The orc priest hits you but does no damage.
You hit the orc priest but do no damage.
The orc priest looks as sick as possible!
The orc priest is lightly wounded.
The orc priest closely misses you.
You barely miss the orc priest.
The orc priest is moderately wounded.
You hit the orc priest but do no damage.
The orc priest is moderately wounded.
The orc priest mumbles some strange prayers to Beogh against you.
Beogh smites you!
You die...

#..#.....##
#..#.)....#
###.....#...#
#..#....#...#
#.....#####.#
#.....#.....##.# ...#.
#........### .
..######.......# #.
#..@...)...#.# #
#.#o......##.##
###..#.....#....#
.#####...###...##.#..#
........## ##.###....#
# ##.####.# ####.###.#
# # #.# #.# #.# # #..
##'## #.###.# #
....##...## ##....# #


You could see an orc priest.

Vanquished Creatures
  An ooze (D:1)
  3 worms
  A dart slug (D:2)
  2 leopard geckos (D:1)
  6 orcs (D:3)
  A giant cockroach (D:2)
  A hobgoblin (D:3)
  2 kobolds
  A bat (D:3)
  2 frilled lizards
  6 goblins
  3 rats
29 creatures vanquished.

Notes
Turn   | Place    | Note
-------+----------+-------------------------------------------
     0 | D:1      | Amnesiac the Gnoll Skald began the quest for the Orb.
     0 | D:1      | Reached XP level 1. HP: 20/20 MP: 6/6
    78 | D:1      | Reached XP level 2. HP: 20/26 MP: 1/7
   102 | D:1      | Learned a level 2 spell: Shroud of Golubria
   290 | D:2      | Found a faded altar of an unknown god.
   324 | D:3      | Reached XP level 3. HP: 23/31 MP: 0/9
   391 | D:3      | Reached skill level 5 in Spellcasting
   409 | D:3      | Learned a level 3 spell: Regeneration
   413 | D:3      | Learned a level 3 spell: Spectral Weapon
   637 | D:3      | Reached skill level 1 in Invocations
  1114 | D:2      | Killed from afar by an orc priest

Vault maps used:
D:1:      giann_wishing_wells
D:2:      grunt_gozag_statues, chequers_temple_overflow_statue_of_worship,
          chequers_ecumenical_altar_simple_redux, first_ration, minivault_19,
          hangedman_decor_push, minivault_26, uniq_terence

Skill      XL: |  1  2  3 |
---------------+----------+-----
Spellcasting   | 5 |  5.0
Invocations    | 1 |  1.0
Fighting       | |  4.5
Short Blades   | |  0.9
Long Blades    | |  0.9
Axes           | |  0.9
Maces & Flails | |  0.9
Polearms       | |  4.5
Staves         | |  0.9
Slings         | |  0.9
Bows           | |  0.9
Crossbows      | |  0.9
Throwing       | |  0.9
Armour         | |  2.6
Dodging        | |  4.5
Stealth        | |  0.9
Shields        | |  0.9
Unarmed Combat | |  0.9
Conjurations   | |  0.6
Hexes          | |  0.6
Charms         | |  5.4
Summonings     | |  0.6
Necromancy     | |  0.6
Translocations | |  0.6
Transmutations | |  0.6
Fire Magic     | |  0.6
Ice Magic      | |  0.6
Air Magic      | |  0.6
Earth Magic    | |  0.6
Poison Magic   | |  0.6
Evocations     | |  0.9

Action                   || total
-------------------------++-------
Melee: Spear             ||    29
       Bite              ||    12
       Punch             ||     1
       Dagger            ||    55
 Cast: Infusion          ||     7
       Shroud of Golubri ||     6
 Stab: Sleeping          ||     1
  Eat: Chunk             ||     1
Armor: Leather armour    ||     7
Dodge: Dodged            ||    36

Table legend:
 A = Spawn XP
 B = Non-spawn XP
 C = Spawn XP percentage of total XP
 D = Spawn monster count
 E = Non-spawn monster count
 F = Spawn count percentage of total count
 G = Total turns spent on level
                    A         B        C        D         E        F      G
               +---------+---------+-------+---------+---------+-------+---------
         Total |       0 |      75 |   0.0 |       0 |      29 |   0.0 |  1114
               +---------+---------+-------+---------+---------+-------+---------
           D:1 |       0 |      23 |   0.0 |       0 |       9 |   0.0 |   290
           D:2 |       0 |      20 |   0.0 |       0 |       7 |   0.0 |   454
           D:3 |       0 |      32 |   0.0 |       0 |      13 |   0.0 |   370
               +---------+---------+-------+---------+---------+-------+---------
